 Dungeon Crawl Stone Soup version 0.26-a0-738-g91b530ce93 (webtiles) character file.

Game seed: 1632316209954275764

13596 2tc the Spear-Bearer (level 11, -3/78 HPs)
             Began as a Demonspawn Necromancer on Nov 5, 2020.
             Was an Elder of Kikubaaqudgha.
             Slain by a balrug
             ... wielding a +0 demon whip
              (5 damage)
             ... in a Gauntlet.
             The game lasted 01:16:55 (14141 turns).

2tc the Spear-Bearer (Demonspawn Necromancer)      Turns: 14141, Time: 01:16:56

Health: -3/78      AC: 13    Str: 17    XL:     11   Next: 77%
Magic:  26/26      EV: 16    Int: 20    God:    Kikubaaqudgha [****..]
Gold:   679        SH:  0    Dex: 14    Spells: 1/18 levels left

rFire    + + +     SeeInvis .   a - +7 spear (vamp)
rCold    + . .     Faith    .   (no shield)
rNeg     . . .     Spirit   .   e - +0 ring mail of Generosity {*Drain +Blink rF++ MP+9}
rPois    +         Reflect  .   d - +1 helmet {Int+3}
rElec    +         Harm     .   I - +2 cloak {MR+}
rCorr    +         Rampage  .   (gloves unavailable)
MR       +....     NoTele   +   (no boots)
Stlth    ..........             (no amulet)
HPRegen  0.23/turn              f - +4 ring of evasion
MPRegen  0.20/turn              v - +6 ring of strength

@: confused, liquid flames, resistant, glowing
A: claws 3, rugged brown scales 2, fire resistance 1, spiny 1
a: Receive Corpses, Renounce Religion, Evoke Blink


You were in a Gauntlet.
You worshipped Kikubaaqudgha.
Kikubaaqudgha was greatly pleased with you.
You visited 2 branches of the dungeon, and saw 14 of its levels.
You also visited: Gauntlet.

You collected 679 gold pieces.

Inventory:

Hand Weapons
 a - a +7 vampiric spear (weapon)
 g - a +2 spear of venom
 l - a +3 quarterstaff of chaos
 s - a +2 whip of electrocution
Armour
 d - a +1 helmet of intelligence (worn)
 e - the +0 ring mail of Generosity (worn) {*Drain +Blink rF++ MP+9}
   (You found it on level 4 of the Dungeon)

   It greatly protects you from fire.
   It affects your magic capacity (+9).
   It lets you blink.
   It causes draining when unequipped.
 h - a +2 leather armour
 i - a +0 kite shield
 I - a +2 cloak of magic resistance (worn)
Jewellery
 f - a +4 ring of evasion (left claw)
 m - an uncursed ring of protection from magic
 v - a +6 ring of strength (right claw)
 x - an uncursed amulet of magic regeneration {unknown}
 y - an uncursed ring of protection from magic
Wands
 k - a wand of acid (7)
 o - a wand of flame (26)
 q - a wand of random effects (15)
Scrolls
 n - a scroll of teleportation
 r - 5 scrolls of remove curse
 t - 3 scrolls of fear
 A - a scroll of enchant armour
 B - 2 scrolls of fog
 D - a scroll of amnesia
Potions
 b - a potion of berserk rage {unknown}
 c - 3 potions of flight
 j - a potion of invisibility {unknown}
 p - a potion of magic {unknown}
 z - 5 potions of ambrosia
 G - a potion of cancellation {unknown}
 J - a potion of might {unknown}


   Skills:
 - Level 3.0 Fighting
 - Level 12.0 Polearms
 - Level 6.0 Armour
 + Level 3.7 Dodging
 - Level 1.7 Stealth
 - Level 4.0 Spellcasting
 - Level 12.0 Necromancy


You had one spell level left.
You knew the following spells:

 Your Spells              Type           Power        Failure   Level
a - Pain                  Necr           ####         1%          1
b - Animate Dead          Necr           ######....   1%          4
c - Vampiric Draining     Necr           ######....   1%          3
d - Agony                 Necr           ######..     4%          5
e - Dispel Undead         Necr           ######..     1%          4

Your spell library contained the following spells:

 Spells                   Type           Power        Failure   Level
 Animate Skeleton         Necr           ######       1%          1
 Sublimation of Blood     Necr           ######....   1%          2
 Excruciating Wounds      Necr           ######....   4%          5
 Borgnjor's Vile Clutch   Necr/Erth      ####......   45%         5
 Simulacrum               Ice/Necr       ####......   95%         6


Dungeon Overview and Level Annotations

Branches:
Dungeon (14/15)            Temple (1/1) D:7            Lair (0/6) D:11
    Orc (0/2) D:11        Gauntlet (1/1)
 Vaults: D:13-14

Altars:
Ashenzari
Cheibriados
Dithmenos
Elyvilon
Fedhas
Gozag
Hepliaklqana
Kikubaaqudgha
Makhleb
Nemelex Xobeh
Okawaru
Qazlal
Ru
Sif Muna
Trog
Uskayaw
Vehumet
Wu Jian
Xom
Yredelemnul
Zin
The Shining One

Shops:
D:6 (   D:9 [   D:11 [

Annotations:
D:2 Natasha
D:8 2 transporters, Grum; gouglew's ghost, novice TrBr
D:11 1 exclusion Gauntlet 9 transporters, 21 runed translucent doors


Innate Abilities, Weirdness & Mutations

You have claws for hands.
You are mostly covered in rugged brown scales. (AC +2, +5% HP)
Your flesh is heat resistant. (rF+)
You are partially covered in sharp spines.


Message History

You are covered in liquid flames!
The balrug gestures at you. The sticky flame hits you. You resist.
You are covered in liquid flames!
The balrug hits you with a +0 demon whip!!
* * * LOW HITPOINT WARNING * * *
You are engulfed in flames.
You resist.
* * * LOW HITPOINT WARNING * * *
You are covered in liquid flames!
* * * LOW HITPOINT WARNING * * *
The balrug completely misses you.
You miss the balrug.
The balrug is lightly wounded.
You are covered in liquid flames!
The balrug is struck by your spines.
The balrug hits you with a +0 demon whip!
* * * LOW HITPOINT WARNING * * *
You are engulfed in flames.
You resist.
You die...
Kikubaaqudgha rasps: "You have failed me!
Welcome... death!"

#...#...≈8≈...#...#.8...###
#.©.#....≈....#.©.#.....#
########...###########..#
.....GH#...##.2.....##..#8
##.##..#...#.#.....#.#..##
..#..#.#...#..#...#..#..#
.©#..#D#...#...#©#...#..
#####..#...#...2#....#..
..#..#.#...#...#@#...#..
.|#..#.#...#..#...#..#..
##.##..#...#.#.....#.#..
..©...|#...##..[©)..##..
########...###########..
#.©.#....≈....#.©.#.....
#...#...≈8≈...#...#.8...
#.©.#....≈....#.©.#.....
########...#########


You could see a balrug (fast).

Vanquished Creatures
  A hydra (D:14)
  A catoblepas (D:14)
  A two-headed ogre (D:14)
  2 skeletal warriors (D:14)
  An ugly thing (D:14)
  A gargoyle (D:11)
  A kobold demonologist (D:11)
  A troll (D:11)
  A queen bee (D:11)
  2 hornets (Gauntlet)
  Grinder (D:4)
  A human (shapeshifter) (D:14)
  A wyvern (D:9)
  9 yaks (D:10)
  A shadow (D:14)
  A wraith (D:14)
  A soldier ant (D:11)
  2 hell hounds (Gauntlet)
  2 water moccasins
  3 sky beasts
  4 orc warriors
  A black bear (D:10)
  An eye of draining (D:10)
  4 ice beasts
  3 ogres
  12 centaurs
  2 big kobolds
  6 bullfrogs
  A scorpion (D:6)
  25 killer bees
  4 wights (D:10)
  A howler monkey (D:5)
  3 electric eels (D:6)
  A bullfrog zombie (D:10)
  A gnoll shaman (D:5)
  9 orc priests
  3 jellies
  Crazy Yiuf (D:2)
  Ijyb (D:4)
  2 centaur skeletons (D:10)
  A bullfrog skeleton (D:9)
  5 hounds
  8 orc wizards
  Jessica (D:2)
  An iguana (D:8)
  Natasha (twice) (D:2)
  4 worker ants
  A worker ant zombie (D:6)
  Robin (D:2)
  7 gnolls
  16 adders
  A howler monkey skeleton (D:10)
  5 shadow imps
  3 white imps
  3 ufetubi
  2 adder zombies
  5 worms
  A dart slug (D:3)
  3 leopard geckos
  46 orcs
  A ball python (D:3)
  6 giant cockroaches
  11 goblins
  7 hobgoblins
  4 jackals
  2 quokkas
  5 bats (D:2)
  4 frilled lizards
  A jackal skeleton (D:9)
  15 kobolds
  18 rats
309 creatures vanquished.

Vanquished Creatures (collateral kills)
  2 killer bees (D:11)
  A gnoll (D:3)
  An orc (D:5)
4 creatures vanquished.

Vanquished Creatures (others)
  4 fungi
  35 plants
39 creatures vanquished.

Grand Total: 352 creatures vanquished

Notes
Turn   | Place    | Note
-------+----------+-------------------------------------------
     0 | D:1      | 2tc the Demonspawn Necromancer began the quest for the Orb.
     0 | D:1      | Reached XP level 1. HP: 13/13 MP: 3/3
   405 | D:1      | Gained mutation: You have sharp fingernails. [demonic
                  | ancestry]
   405 | D:1      | Reached XP level 2. HP: 19/19 MP: 5/5
   529 | D:1      | Reached skill level 5 in Necromancy
  1475 | D:2      | Noticed Robin
  1486 | D:2      | Killed Robin
  1486 | D:2      | Gained mutation: Your flesh is heat resistant. (rF+)
                  | [demonic ancestry]
  1486 | D:2      | Reached XP level 3. HP: 20/24 MP: 6/6
  1610 | D:2      | Noticed Jessica
  1613 | D:2      | Killed Jessica
  1613 | D:2      | Reached skill level 1 in Polearms
  1613 | D:2      | Reached XP level 4. HP: 28/30 MP: 4/7
  1623 | D:2      | Learned a level 4 spell: Animate Dead
  1970 | D:2      | Noticed Natasha
  1980 | D:2      | Killed Natasha
  2306 | D:2      | Noticed Natasha
  2314 | D:2      | Killed Natasha
  2314 | D:2      | Gained mutation: You have very sharp fingernails. [demonic
                  | ancestry]
  2314 | D:2      | Reached XP level 5. HP: 34/35 MP: 5/8
  2422 | D:2      | Noticed Natasha
  2686 | D:2      | Found a runed translucent door.
  2687 | D:2      | Noticed Crazy Yiuf
  2696 | D:2      | Learned a level 3 spell: Vampiric Draining
  2701 | D:2      | Killed Crazy Yiuf
  3389 | D:3      | Reached XP level 6. HP: 32/41 MP: 4/9
  4016 | D:4      | Got a slimy ring mail
  4028 | D:4      | Identified the +0 ring mail of Generosity {*Drain +Blink
                  | rF++ MP+9} (You found it on level 4 of the Dungeon)
  4187 | D:4      | Noticed Ijyb
  4203 | D:4      | Killed Ijyb
  4379 | D:4      | Found a blossoming altar of Fedhas.
  4541 | D:4      | Gained mutation: You are partially covered in rugged brown
                  | scales. (AC +1, +3% HP) [demonic ancestry]
  4541 | D:4      | Reached XP level 7. HP: 41/47 MP: 10/10
  4605 | D:4      | Found a shadowy altar of Dithmenos.
  4608 | D:4      | Found an opulent altar of Gozag.
  4612 | D:4      | Found a shimmering blue altar of Sif Muna.
  4729 | D:4      | Noticed Grinder
  4741 | D:4      | Killed Grinder
  4938 | D:4      | Noticed a moth of wrath
  4941 | D:4      | Found a bloodstained altar of Trog.
  5039 | D:5      | Entered Level 5 of the Dungeon
  5053 | D:5      | Reached skill level 1 in Armour
  5573 | D:5      | Gained mutation: You are partially covered in sharp spines.
                  | [demonic ancestry]
  5573 | D:5      | Reached XP level 8. HP: 52/53 MP: 11/11
  5796 | D:5      | Reached skill level 5 in Polearms
  6038 | D:5      | Found a broken altar of Ashenzari.
  6680 | D:6      | Found Ytres's Weapon Shop.
  7970 | D:7      | Found a staircase to the Ecumenical Temple.
  7989 | D:7      | Gained mutation: You are mostly covered in rugged brown
                  | scales. (AC +2, +5% HP) [demonic ancestry]
  7989 | D:7      | Reached XP level 9. HP: 48/59 MP: 12/12
  8007 | Temple   | Entered the Ecumenical Temple
  8099 | Temple   | Became a worshipper of Kikubaaqudgha
  8494 | D:7      | Found a sparkling altar of Nemelex Xobeh.
  8619 | D:8      | Found a radiant altar of Vehumet.
  8729 | D:8      | Identified the ring of Cexujourr {rElec rPois Dex+5}
  8734 | D:8      | Noticed Grum
  8736 | D:8      | Noticed gouglew's ghost (novice TrBr)
  8897 | D:8      | Found a transporter.
  8897 | D:8      | Identified the cursed +1 quarterstaff "Hell-Harrower"
                  | {elec, MR+}
  8946 | D:8      | Found a transporter.
  8984 | D:8      | Learned a level 5 spell: Agony
  9123 | D:8      | Found a basalt altar of Yredelemnul.
  9229 | D:8      | Found a burning altar of Makhleb.
  9578 | D:9      | Reached * piety under Kikubaaqudgha
  9578 | D:9      | Identified Kikubaaqudgha's Volume of Unholy Secrets
                  | (Kikubaaqudgha gifted it to you on level 9 of the Dungeon)
  9578 | D:9      | Received a gift from Kikubaaqudgha
  9795 | D:9      | Found a white marble altar of Elyvilon.
  9969 | D:9      | Found an iron altar of Okawaru.
 10012 | D:9      | Found Limed's Armour Shoppe.
 10135 | D:9      | Reached skill level 10 in Polearms
 10272 | D:9      | Found a shimmering altar of Xom.
 10274 | D:9      | Found a hazy altar of Hepliaklqana.
 10274 | D:9      | Found a glowing silver altar of Zin.
 10276 | D:9      | Found a glowing golden altar of the Shining One.
 10276 | D:9      | Found an opulent altar of Gozag.
 10276 | D:9      | Found a shimmering blue altar of Sif Muna.
 10482 | D:10     | Entered Level 10 of the Dungeon
 10499 | D:10     | Reached ** piety under Kikubaaqudgha
 10606 | D:10     | Gained mutation: You have claws for hands. [demonic
                  | ancestry]
 10606 | D:10     | Reached XP level 10. HP: 66/66 MP: 14/14
 10776 | D:10     | Identified a scroll of acquirement
 10776 | D:10     | Acquired a +2 cloak of magic resistance
 11525 | D:11     | Found a staircase to the Lair.
 11659 | D:11     | Noticed a boulder beetle
 11710 | D:11     | Noticed a gargoyle
 11715 | D:11     | Killed a gargoyle
 11750 | D:11     | Reached *** piety under Kikubaaqudgha
 11750 | D:11     | Identified Kikubaaqudgha's Reference Book on Darkness
                  | (Kikubaaqudgha gifted it to you on level 11 of the Dungeon)
 11750 | D:11     | Received a gift from Kikubaaqudgha
 11879 | D:10     | Reached skill level 10 in Necromancy
 12098 | D:11     | Reached XP level 11. HP: 65/71 MP: 17/17
 12945 | D:11     | Found a staircase to the Orcish Mines.
 12946 | D:11     | Found Juoxoer's Armour Emporium.
 12947 | D:11     | You fall into a shaft and drop 3 floors!
 12947 | D:14     | Noticed a centaur warrior
 12949 | D:14     | Noticed a harpy
 12949 | D:14     | a queen bee changed into a harpy
 12951 | D:14     | Noticed a seven-headed hydra
 12968 | D:14     | Noticed a wizard
 12968 | D:14     | Noticed a purple ugly thing
 12968 | D:14     | Noticed a purple ugly thing
 12968 | D:14     | Noticed a purple ugly thing
 12968 | D:14     | Noticed a purple ugly thing
 12968 | D:14     | Noticed a purple ugly thing
 12969 | D:14     | Noticed a skeletal warrior
 12995 | D:14     | Killed a brown ugly thing
 12995 | D:14     | Noticed a two-headed ogre
 13010 | D:14     | Killed a two-headed ogre
 13063 | D:14     | Killed a seven-headed hydra
 13069 | D:14     | Learned a level 4 spell: Dispel Undead
 13110 | D:14     | Noticed a catoblepas
 13111 | D:14     | Noticed a skeletal warrior
 13311 | D:14     | Reached **** piety under Kikubaaqudgha
 13342 | D:14     | Noticed a skeletal warrior
 13343 | D:14     | Noticed a skeletal warrior
 13378 | D:14     | Killed a skeletal warrior
 13378 | D:14     | Killed a skeletal warrior
 13378 | D:14     | Killed a catoblepas
 13378 | D:14     | Reached skill level 5 in Armour
 13487 | D:13     | Found a gate leading to a gauntlet.
 13500 | Gauntlet | Entered a Gauntlet
 13500 | Gauntlet | Found a transporter.
 13500 | Gauntlet | Found a transporter.
 13501 | Gauntlet | Found a transporter.
 13501 | Gauntlet | Found a transporter.
 13506 | Gauntlet | Found a transporter.
 13506 | Gauntlet | Found a transporter.
 13551 | Gauntlet | Found a transporter.
 13551 | Gauntlet | Noticed a sea snake
 13553 | Gauntlet | Noticed a shining eye
 13553 | Gauntlet | a sea snake changed into a shining eye
 13555 | Gauntlet | Found a transporter.
 13556 | Gauntlet | Noticed a lindwurm
 13556 | Gauntlet | a shining eye changed into a lindwurm
 13557 | Gauntlet | Found a large runed translucent door.
 13557 | Gauntlet | Noticed a deep troll
 13557 | Gauntlet | a lindwurm changed into a deep troll
 13558 | Gauntlet | Found a large runed translucent door.
 13559 | Gauntlet | Found a large runed translucent door.
 13559 | Gauntlet | Found a large runed translucent door.
 13559 | Gauntlet | Found a runed translucent door.
 13559 | Gauntlet | Found a runed translucent door.
 13560 | Gauntlet | Found a large runed translucent door.
 13561 | Gauntlet | Found a large runed translucent door.
 13562 | Gauntlet | Found a large runed translucent door.
 13562 | Gauntlet | Found a large runed translucent door.
 13563 | Gauntlet | Found a runed translucent gate.
 13563 | Gauntlet | Found a runed translucent gate.
 13563 | Gauntlet | Found a runed translucent gate.
 13565 | Gauntlet | Found a transporter.
 13574 | Gauntlet | Found a large runed translucent door.
 13574 | Gauntlet | Found a large runed translucent door.
 13575 | Gauntlet | Found a large runed translucent door.
 13576 | Gauntlet | Found a large runed translucent door.
 13585 | Gauntlet | Found a large runed translucent door.
 13585 | Gauntlet | Found a large runed translucent door.
 13586 | Gauntlet | Found a large runed translucent door.
 13587 | Gauntlet | Found a large runed translucent door.
 13599 | Gauntlet | Found a transporter.
 13599 | Gauntlet | Found a transporter.
 13601 | Gauntlet | Noticed a balrug
 13720 | Gauntlet | Noticed an orb spider
 13722 | Gauntlet | an orb spider changed into a troll
 13723 | Gauntlet | Identified the ring of Naesases {rF+ MR+ rCorr Slay+2
                  | Stlth+}
 13739 | Gauntlet | Noticed a sea snake
 13739 | Gauntlet | a moth of wrath changed into a sea snake
 13744 | Gauntlet | Found a transporter.
 13774 | Gauntlet | a sea snake changed into a manticore
 13779 | Gauntlet | Noticed a two-headed ogre
 13782 | Gauntlet | Noticed an orb spider
 13782 | Gauntlet | a troll changed into an orb spider
 13787 | Gauntlet | an orb spider changed into a troll
 13791 | Gauntlet | a two-headed ogre changed into a manticore
 13791 | Gauntlet | Noticed an orb spider
 13791 | Gauntlet | a troll changed into an orb spider
 13794 | Gauntlet | Noticed a fire crab
 13794 | Gauntlet | an orb spider changed into a fire crab
 13795 | Gauntlet | Noticed a swamp dragon
 13795 | Gauntlet | a fire crab changed into a swamp dragon
 14141 | Gauntlet | HP: 2/78 [balrug/+0 demon whip (15)]
 14141 | Gauntlet | Slain by a balrug

Illustrated notes

Levels and vault maps discovered:
D:1:      mrwooster_arrival_statue_3, layout_basic, minmay_rat_gold_closets
D:2:      layout_basic, uniq_crazy_yiuf_cottage, uniq_robin, uniq_jessica,
          uniq_natasha
D:3:      layout_basic
D:4:      layout_basic, gammafunk_temple_overflow_forgotten, tgw_trog,
          serial_curves, eino_curves_04, eino_curves_01, eino_curves_04,
          fedhas_altar_1, uniq_ijyb, uniq_grinder
D:5:      layout_loops_ring, ashenzari_altar_1
D:6:      layout_loops_ring, serial_bayou, serial_bayou_shore_a,
          serial_bayou_pond_d, serial_bayou_lagoon_a, serial_bayou_shore_b,
          serial_bayou_pond_b, serial_bayou_pond_c, serial_shops, shop
D:7:      layout_rooms, nemelex_xobeh_ov_fountains_minmay,
          minmay_temple_entry_sparse_star, minivault_26
D:8:      layout_loops_cross, kennysheep_little_box, vehumet_crystals,
          nicolae_overflow_hidden_temple, gammafunk_ghost_gnarly_gnolls,
          grunt_ministairs_11, solitary_fountain
D:9:      layout_layer_cave, okawaru_metal_pillars_1_2, doesnt_xom_only_xom,
          elyvilon_altar_5, serial_shops, shop, minmay_misc_feat_enclosed,
          hex_large, uniq_grum
D:10:     layout_small_grid
D:11:     layout_roguey [special_room_bee], lair_entry_dummy, orc_david_3
D:13:     wad_arrow_thing, layout_cave_pools, david_vaults_2,
          gauntlet_entry_generic
D:14:     layout_rooms, grunt_decor_one_mirror, uniq_frances
Temple:   zaba_magenta_temple
Gauntlet: gammafunk_gauntlet_hard_choice [nicolae_gauntlet_swirl,
          gammafunk_gauntlet_arena_hedges, nicolae_gauntlet_arena_quarters,
          nicolae_gauntlet_arena_x, minmay_gauntlet_arena_make_your_own_arena,
          nicolae_gauntlet_arena_blocks, gauntlet_exit_spiral]

Skill      XL: |  1  2  3  4  5  6  7  8  9 10 11 |
---------------+----------------------------------+-----
Necromancy     | 5 6 7 8 9 10 12 | 12.0
Polearms       | 1 2 3 4 7 10 12 | 12.0
Armour         | 2 3 6 |  6.0
Dodging        | 3 |  3.7
Spellcasting   | 3 4 |  4.0
Fighting       | 3 |  3.0
Stealth        | |  1.7

Action                   |  1- 3 |  4- 6 |  7- 9 | 10-12 || total
-------------------------+-------+-------+-------+-------++-------
Melee: Club              |    18 |       |       |       ||    18
       Spear             |    46 |   137 |   513 |   449 ||  1145
 Cast: Pain              |    19 |    26 |    31 |    25 ||   101
       Animate Dead      |       |     3 |     6 |     6 ||    15
       Vampiric Draining |       |     3 |     6 |    17 ||    26
Evoke: Wand              |       |       |     7 |    10 ||    17
  Use: Scroll            |     4 |     6 |    10 |    15 ||    35
       Potion            |     2 |     2 |     2 |    10 ||    16
 Stab: Sleeping          |     5 |     2 |     2 |       ||     9
Armor: Leather armour    |     5 |    19 |       |       ||    24
       Ring mail         |       |     7 |    78 |    66 ||   151
Dodge: Dodged            |    43 |    75 |   229 |   186 ||   533

Table legend: (Time is in decaauts)
 A = Elapsed time spent in this place.
 B = Non-inter-level travel time spent in this place.
 C = Inter-level travel time spent in this place.
 D = Time resting spent in this place.
 E = Time spent auto-exploring this place.
 F = Levels seen in this place.
 G = Mean time per level.
                   A        B        C        D        E       F      G
               +--------+--------+--------+--------+--------+-----+--------+
         Total |  13797 |  13444 |    353 |   4135 |   6400 |  15 |  919.8 |
       Dungeon |  13055 |  12717 |    338 |   3863 |   6316 |  13 | 1004.2 |
        Temple |    107 |     92 |     15 |      0 |     84 |   1 |  107.0 |
      Gauntlet |    634 |    634 |      0 |    271 |      0 |   1 |  634.0 |
               +--------+--------+--------+--------+--------+-----+--------+

Top non-repeatable levels by time:
     D:2: 1549 daAuts
     D:6: 1538 daAuts
     D:1: 1391 daAuts
     D:4: 1280 daAuts
    D:10: 1251 daAuts
     D:3: 1078 daAuts
    D:11: 1041 daAuts
     D:5: 1027 daAuts
     D:9: 982 daAuts
     D:8: 826 daAuts
Gauntlet: 634 daAuts
     D:7: 619 daAuts
    D:14: 446 daAuts
  Temple: 107 daAuts
    D:13: 20 daAuts
